 Dungeon Crawl Stone Soup version 0.30-a0-782-ge64f9170bb (webtiles) character file.

Game seed: 4155366670719789132

128 Barriton the Firebug (level 4, -6/33 HPs)
             Began as a Draconian Fire Elementalist on Feb 28, 2023.
             Mangled by an ogre
             ... wielding a +0 giant spiked club
              (20 damage)
             ... on level 4 of the Dungeon.
             The game lasted 00:06:45 (3831 turns).

Barriton the Firebug (Draconian Fire Elementalist)  Turns: 3831, Time: 00:06:45

Health: -6/33      AC:  6    Str: 10    XL:     4   Next: 86%
Magic:  1/8        EV: 12    Int: 17    God:
Gold:   150        SH:  0    Dex: 12    Spells: 6/9 levels left

rFire   + . .      SeeInvis .    b - staff of fire
rCold   . . .      Faith    .    (no shield)
rNeg    . . .      Spirit   .    (body armour unavailable)
rPois   .          Reflect  .    (helmet restricted)
rElec   .          Harm     .    f - +0 cloak
rCorr   .          Rampage  .    (no gloves)
Will    .....                    (no boots)
Stlth   ++                       (no amulet)
HPRegen 0.25/turn                (no ring)
MPRegen 0.11/turn                (no ring)

@: no status effects
A: AC +5, unfitting armour, cold-blooded
a: no special abilities


You were on level 4 of the Dungeon.
You visited 1 branch of the dungeon, and saw 4 of its levels.

You collected 150 gold pieces.

Inventory:

Armour
 f - a +0 cloak (worn)
Magical Staves
 b - a staff of fire (weapon)
 l - a staff of air
Scrolls
 h - a scroll of teleportation
 k - 2 scrolls of identify
Potions
 a - a potion of magic
 c - 3 potions of resistance
 d - a potion of ambrosia
 e - a potion of curing
 g - a potion of degeneration {unknown}
 i - a potion of might {unknown}
 j - a potion of flight {unknown}


   Skills:
 + Level 2.0 Dodging
 + Level 2.0 Stealth
 + Level 1.2 Unarmed Combat
 + Level 3.0 Spellcasting
 + Level 1.9 Conjurations
 + Level 4.1 Fire Magic


You had 6 spell levels left.
You knew the following spells:

 Your Spells              Type           Power      Damage    Failure   Level
a - Foxfire               Conj/Fire      76%        2x1d7     4%          1
b - Scorch                Fire           48%        2d7       4%          2

Your spell library contained the following spells:

 Spells                   Type           Power      Damage    Failure   Level
 Necrotise                Necr           8%         1d4       17%         1
 Inner Flame              Hex/Fire       14%        N/A       22%         3
 Kindle Blastsparks       Fire/Tloc/Air  20%        2d11      30%         3
 Ozocubu's Armour         Ice            2%         N/A       45%         3
 Vampiric Draining        Necr           2%         2d6       45%         3
 Flame Wave               Conj/Fire      19%        2d7       45%         4
 Agony                    Necr           2%         N/A       99%         5
 Metabolic Englaciation   Hex/Ice        1%         N/A       99%         5
 Simulacrum               Ice/Necr       1%         N/A       100%        6


Dungeon Overview and Level Annotations

Branches:
Dungeon (4/15)
 Temple: D:4-7

Altars:
Ashenzari
The Shining One


Innate Abilities, Weirdness & Mutations

Your plain brown scales are hard. (AC +5)
You cannot fit into any form of body armour.
You are cold-blooded and may be slowed by cold attacks.


Message History

You feel a surge of power!
Flames lash the kobold.
You kill the kobold!
Casting: Scorch (safe; 4% risk of failure)
Confirm with . or Enter, or press ? or * to list all spells.
You feel a surge of power!
Flames lash the ogre.
The ogre is moderately wounded.
The ogre's fire resistance burns away.
The ogre barely misses you.
You hit the ogre.
The ogre is moderately wounded.
The ogre misses you.
You hit the ogre.
The ogre is heavily wounded.
You hit the ogre but do no damage. You burn the ogre.
The ogre is severely wounded.
The ogre misses you.
You hit the ogre but do no damage.
The ogre is severely wounded.
The ogre is no longer more vulnerable to fire.
The ogre hits you with a +0 giant spiked club!
You hit the ogre but do no damage.
The ogre is severely wounded.
The ogre hits you with a +0 giant spiked club!
* * * LOW HITPOINT WARNING * * *
The ogre attacks as you move away! The ogre barely misses you.
Casting: Scorch (safe; 4% risk of failure)
Confirm with . or Enter, or press ? or * to list all spells.
You feel a surge of power!
You miscast Foxfire.
Nothing appears to happen.
The ogre attacks as you move away! The ogre barely misses you.
The ogre attacks as you move away! The ogre closely misses you.
Your magical contamination has completely faded away.
Casting: Foxfire (safe; 4% risk of failure)
Confirm with . or Enter, or press ? or * to list all spells.
You feel a surge of power!
Flames lash the ogre.
The ogre is severely wounded.
The ogre's fire resistance burns away.
The ogre is no longer more vulnerable to fire.
The ogre attacks as you move away!
The ogre hits you with a +0 giant spiked club!!
Ouch! That really hurt!
You die...

#..# #..# #..# #..#
#..# #..###########
######...†.........
...................
#.........@........
....###..OP.PPPPP.P.##
...# ##..P.......P...
.## #..P.P...P.P...
#..P.P._.P.P...
##.P.P...P.P...
#.P.......P...
#.P.PPPPP.P./.
#......)....>.


You could see an ogre.

Vanquished Creatures
  3 adders
  An ufetubus (D:4)
  2 worms (D:2)
  4 dart slugs
  4 bats
  9 endoplasms
  6 giant cockroaches
  3 goblins (D:1)
  5 hobgoblins
  9 jackals
  9 kobolds
  4 quokkas
  6 ball pythons
  5 frilled lizards
  7 rats
77 creatures vanquished.

Vanquished Creatures (collateral kills)
  A foxfire (D:4)
1 creature vanquished.

Vanquished Creatures (others)
  137 foxfires
137 creatures vanquished.

Grand Total: 215 creatures vanquished

Notes
Turn   | Place    | Note
-------+----------+-------------------------------------------
     0 | D:1      | Barriton the Draconian Fire Elementalist began the quest
                  | for the Orb.
     0 | D:1      | Reached XP level 1. HP: 14/14 MP: 3/3
   342 | D:1      | Reached XP level 2. HP: 11/20 MP: 1/5
   918 | D:1      | Reached XP level 3. HP: 26/26 MP: 0/6
  1285 | D:2      | Learned a level 2 spell: Scorch
  1894 | D:2      | Reached XP level 4. HP: 26/33 MP: 0/8
  2028 | D:2      | Found a faded altar of an unknown god.
  2199 | D:2      | Reached skill level 4 in Fire Magic
  2741 | D:3      | Reached skill level 1 in Unarmed Combat
  2838 | D:3      | Found a broken altar of Ashenzari.
  3753 | D:4      | Found a glowing golden altar of the Shining One.
  3787 | D:4      | Noticed an ogre
  3831 | D:4      | Mangled by an ogre

Illustrated notes

Levels and vault maps discovered:
D:1:      dpeg_cavernosity, layout_basic
D:2:      layout_loops_cross, shapermc_ecumenical_altar_mp_vishouse,
          minmay_curled_crystal
D:3:      layout_basic, mainiacjoe_overflow_catwalk
D:4:      layout_cave_pods, mainiacjoe_overflow_cross_hatched, serial_shops,
          nicolae_shop_behind_doors

Skill      XL: |  1  2  3  4 |
---------------+-------------+-----
Dodging        | 2 |  2.0
Stealth        | 2 |  2.0
Fire Magic     | 4 |  4.1
Unarmed Combat | 1 |  1.2
Spellcasting   | 3 |  3.0
Conjurations   | |  1.9

Action                     |  1- 3 |  4- 6 || total
---------------------------+-------+-------++-------
  Melee: Unarmed           |    63 |     3 ||    66
         Tailslap          |     8 |     1 ||     9
         Staff             |       |     7 ||     7
   Cast: Foxfire           |    65 |    28 ||    93
         Scorch            |     8 |    19 ||    27
    Use: Scroll            |     4 |     2 ||     6
 Armour: Skin              |    23 |     6 ||    29
  Dodge: Dodged            |    51 |    12 ||    63

Table legend: (Time is in decaauts)
 A = Elapsed time spent in this place.
 B = Non-inter-level travel time spent in this place.
 C = Inter-level travel time spent in this place.
 D = Time resting spent in this place.
 E = Time spent auto-exploring this place.
 F = Levels seen in this place.
 G = Mean time per level.
                   A        B        C        D        E       F      G
               +--------+--------+--------+--------+--------+-----+--------+
         Total |   3833 |   3661 |    172 |      0 |   3132 |   4 |  958.2 |
       Dungeon |   3833 |   3661 |    172 |      0 |   3132 |   4 |  958.2 |
               +--------+--------+--------+--------+--------+-----+--------+

Top non-repeatable levels by time:
     D:1: 1275 daAuts
     D:2: 1273 daAuts
     D:3: 1021 daAuts
     D:4: 262 daAuts
